 Dungeon Crawl Stone Soup version 0.31-a0-18-gea43df2 (webtiles) character file.

Game seed: 8631508785375077348

824 Nithhogg the Trooper (level 7, -1/63 HPs)
             Began as a Hill Orc Fighter on May 9, 2023.
             Was an Initiate of the Shining One.
             Slain by a killer bee (3 damage)
             ... on level 5 of the Dungeon.
             The game lasted 00:10:25 (4524 turns).

Nithhogg the Trooper (Hill Orc Fighter)             Turns: 4524, Time: 00:10:26

Health: -1/63      AC: 13    Str: 21    XL:     7   Next: 96%
Magic:  11/11      EV:  6    Int:  8    God:    the Shining One [......]
Gold:   196        SH:  0    Dex: 10    Spells: 6/6 levels left

rFire   . . .        a - +0 war axe
rCold   . . .        (no shield)
rNeg    . . .        p - +1 plate armour
rPois   .            (no helmet)
rElec   .            (no cloak)
rCorr   .            (no gloves)
SInv    .            (no boots)
Will    .....        (no amulet) Stlth
                     (no ring)
HPRegen 0.30/turn    (no ring)
MPRegen 0.12/turn

%: no passive effects
@: lethally poisoned (-1 -> -8), flying, glowing
A: sense surroundings 1, screaming 1
a: Renounce Religion


You were on level 5 of the Dungeon.
You worshipped the Shining One.
The Shining One was noncommittal.
You visited 2 branches of the dungeon, and saw 6 of its levels.

You collected 196 gold pieces.

Inventory:

Hand Weapons
 a - a +0 war axe (weapon)
 e - a +2 flail of protection
 w - the +7 sling "Xoetwi Gao" {freeze, Will+ Dex+5}
   (You found it on level 4 of the Dungeon)

   Dex:       It affects your dexterity (+5).
   Will:      It increases your willpower.
Armour
 b - a +0 scale mail
 c - a +0 buckler
 d - a +0 troll leather armour
 p - a +1 plate armour (worn)
Jewellery
 i - a ring of wizardry
 k - a ring of magical power
 o - a ring of willpower
Wands
 n - a wand of mindburst (6)
 r - a wand of quicksilver (8)
Scrolls
 l - 3 scrolls of magic mapping
 m - 3 scrolls of vulnerability
 q - 3 scrolls of silence
 s - a scroll of enchant armour
 u - 2 scrolls of identify
Potions
 f - a potion of mutation
 j - 3 potions of lignification {unknown}
 t - a potion of invisibility {unknown}


   Skills:
 + Level 6.3 Fighting
 + Level 6.2 Axes
 + Level 5.7 Armour
 - Level 3.2 Shields
 + Level 5.4 Invocations


You had 6 spell levels left.
You didn't know any spells.
Your spell library contained the following spells:

 Spells                   Type           Power      Damage    Failure   Level
 Apportation              Tloc           0%         N/A       100%        1
 Necrotise                Necr           0%         1d4       100%        1
 Shock                    Conj/Air       0%         1d3       100%        1
 Summon Small Mammal      Summ           0%         N/A       100%        1
 Confusing Touch          Hex            0%         N/A       100%        3
 Swiftness                Air            0%         N/A       100%        3
 Vhi's Electric Charge    Tloc/Air       0%         N/A       100%        3
 Airstrike                Air            0%         2d(0-16)  100%        4
 Fulminant Prism          Conj/Hex       0%         3d5       100%        4
 Leda's Liquefaction      Hex/Erth       0%         N/A       100%        4
 Arcjolt                  Conj/Air       0%         1d10      100%        5
 Maxwell's Capacitive Co  Air            0%         ∞         100%        8


Dungeon Overview and Level Annotations

Branches:
Dungeon (5/15)             Temple (1/1) D:4

Altars:
Ashenzari
Cheibriados
Dithmenos
Elyvilon
Fedhas
Gozag
Kikubaaqudgha
Makhleb
Qazlal
Ru
Sif Muna
Uskayaw
Vehumet
Wu Jian
Xom
Yredelemnul
Zin
The Shining One


Innate Abilities, Weirdness & Mutations

You passively map a small area around you.
You occasionally shout uncontrollably at your foes.


Message History

You are too injured to fight recklessly!
You are too injured to fight recklessly!
You are too injured to fight recklessly!
You are too injured to fight recklessly!
You are too injured to fight recklessly!
You are too injured to fight recklessly!
You are too injured to fight recklessly!
You are too injured to fight recklessly!
You are too injured to fight recklessly!
You are too injured to fight recklessly!
You are too injured to fight recklessly!
You are too injured to fight recklessly!
Okay, then.
It was a potion of flight.
You feel very buoyant.
You fly up into the air.
* * * LOW HITPOINT WARNING * * *
You feel very sick. The killer bee closely misses you.
The killer bee stings you.
* * * LOW HITPOINT WARNING * * *
The killer bee stings you but does no damage. x2
The killer bee completely misses you. The killer bee stings you.
* * * LOW HITPOINT WARNING * * *
You are more poisoned.
The killer bee poisons you!
The killer bee stings you but does no damage.
The killer bee barely misses you.
It was a potion of curing.
You feel better. The killer bee stings you.
* * * LOW HITPOINT WARNING * * *
The killer bee stings you.
* * * LOW HITPOINT WARNING * * *
The killer bee stings you.
* * * LOW HITPOINT WARNING * * *
The killer bee stings you.
* * * LOW HITPOINT WARNING * * *
You are lethally poisoned!
The killer bee poisons you!
The killer bee stings you but does no damage. x2
The killer bee stings you.
You die...

############ #.##
##..........## #..#
*#............####.##
..............# #..##
..............# ##..#
*..............# ##.#
.............y#####.#####
........)...yy#.........#
#.......))..y@y.....?...#
##..........###.........#
############ #.<.......#
#.........# ###########


You could see 5 killer bees.

Vanquished Creatures
  A troll (D:5)
  A black bear (D:5)
  2 ogres
  A jelly (D:5)
  2 iguanas
  Terence (D:2)
  An orc wizard (D:3)
  A sleepcap (D:5)
  Robin (D:2)
  4 adders (D:4)
  3 gnolls (D:4)
  A white imp (D:5)
  A worm (D:3)
  2 dart slugs
  10 orcs
  8 endoplasms
  3 giant cockroaches
  24 goblins
  12 hobgoblins
  4 kobolds
  5 quokkas
  6 ball pythons
  2 bats (D:2)
  6 frilled lizards
  7 rats
109 creatures vanquished.

Notes
Turn   | Place    | Note
-------+----------+-------------------------------------------
     0 | D:1      | Nithhogg the Hill Orc Fighter began the quest for the Orb.
     0 | D:1      | Reached XP level 1. HP: 19/19 MP: 1/1
   143 | D:1      | Reached skill level 1 in Invocations
   143 | D:1      | Reached XP level 2. HP: 25/27 MP: 2/2
   597 | D:1      | Found a faded altar of an unknown god.
   615 | D:1      | Reached XP level 3. HP: 27/33 MP: 4/4
  1151 | D:2      | Noticed Robin
  1187 | D:2      | Killed Robin
  1251 | D:2      | Reached XP level 4. HP: 40/40 MP: 5/5
  1266 | D:2      | Got Sif Muna's Teachings on Obstruction
  1396 | D:2      | Noticed Terence
  1406 | D:2      | Killed Terence
  1702 | D:3      | Reached XP level 5. HP: 40/47 MP: 7/7
  2664 | D:4      | Identified the +7 sling "Xoetwi Gao" {freeze, Will+ Dex+5}
  2906 | D:4      | Noticed an ogre
  2908 | D:4      | Found a shadowy altar of Dithmenos.
  2913 | D:4      | Killed an ogre
  2914 | D:4      | Reached skill level 5 in Fighting
  2914 | D:4      | Reached XP level 6. HP: 36/56 MP: 8/8
  3116 | D:4      | Found a staircase to the Ecumenical Temple.
  3192 | Temple   | Entered the Ecumenical Temple
  3360 | Temple   | Became a worshipper of the Shining One
  3472 | D:4      | Found a glowing silver altar of Zin.
  3523 | D:5      | Entered Level 5 of the Dungeon
  3523 | D:5      | Noticed a black bear
  3538 | D:5      | Gained mutation: You have a pair of small horns on your
                  | head. [potion of mutation]
  3538 | D:5      | Gained mutation: You passively map a small area around you.
                  | [potion of mutation]
  3538 | D:5      | Gained mutation: Your flesh is cold resistant. (rC+)
                  | [potion of mutation]
  3538 | D:5      | Gained mutation: You are partially covered in large bone
                  | plates. (SH +4) [potion of mutation]
  3538 | D:5      | HP: 2/56 [black bear (1)]
  3551 | D:5      | Killed a black bear
  3552 | D:5      | Reached skill level 5 in Axes
  3638 | D:5      | Reached skill level 5 in Armour
  3640 | D:5      | Reached XP level 7. HP: 35/61 MP: 10/10
  3784 | D:5      | Found a burning altar of Makhleb.
  3796 | D:5      | Found a shimmering blue altar of Sif Muna.
  4054 | D:5      | Noticed a troll
  4061 | D:5      | Killed a troll
  4062 | D:5      | Reached skill level 5 in Invocations
  4069 | D:5      | Lost mutation: You are partially covered in large bone
                  | plates. (SH +4) [potion of mutation]
  4069 | D:5      | Lost mutation: Your flesh is cold resistant. (rC+) [potion
                  | of mutation]
  4069 | D:5      | Lost mutation: You have a pair of small horns on your head.
                  | [potion of mutation]
  4069 | D:5      | Gained mutation: You occasionally shout uncontrollably at
                  | your foes. [potion of mutation]
  4524 | D:5      | HP: 2/63 [killer bee (5)]
  4524 | D:5      | Slain by a killer bee

Illustrated notes

Levels and vault maps discovered:
D:1:      dpeg_arrival_yet_another_circle, layout_basic,
          ebering_ecumenical_altar_rust
D:2:      layout_rooms, serial_glass, glass_columns_a, glass_columns_c,
          minmay_strange_pillars, minmay_strange_pillars, uniq_robin,
          uniq_terence
D:3:      cheibrodos_greedy_goblins, layout_basic
D:4:      layout_gridville, mainiacjoe_overflow_tiny_flanked, zin_statuary,
          temple_fountains
D:5:      layout_rooms, amethyst_overflow_temple_binary,
          kennysheep_generic_room_13
Temple:   jpeg_temple_clearing

Skill      XL: |  1  2  3  4  5  6  7 |
---------------+----------------------+-----
Axes           | 3 4 5 6 |  6.2
Invocations    | 1 2 3 4 5 |  5.4
Fighting       | 4 5 6 |  6.3
Armour         | 4 5 |  5.7
Shields        | |  3.2

Action                     |  1- 3 |  4- 6 |  7- 9 || total
---------------------------+-------+-------+-------++-------
  Melee: War axe           |    91 |   160 |    45 ||   296
         Punch             |     1 |       |     1 ||     2
         Headbutt          |       |     1 |     2 ||     3
    Use: Scroll            |     3 |     5 |     2 ||    10
         Potion            |       |     5 |     4 ||     9
 Armour: Scale mail        |    48 |    51 |       ||    99
         Plate armour      |       |    90 |    62 ||   152
  Dodge: Dodged            |    43 |    79 |    30 ||   152
  Block: Other             |       |     2 |     6 ||     8

Table legend: (Time is in decaauts)
 A = Elapsed time spent in this place.
 B = Non-inter-level travel time spent in this place.
 C = Inter-level travel time spent in this place.
 D = Time resting spent in this place.
 E = Time spent auto-exploring this place.
 F = Levels seen in this place.
 G = Mean time per level.
                   A        B        C        D        E       F      G
               +--------+--------+--------+--------+--------+-----+--------+
         Total |   4611 |   4443 |    168 |    274 |   3405 |   6 |  768.5 |
       Dungeon |   4425 |   4302 |    123 |    274 |   3278 |   5 |  885.0 |
        Temple |    185 |    140 |     45 |      0 |    127 |   1 |  185.0 |
               +--------+--------+--------+--------+--------+-----+--------+

Top non-repeatable levels by time:
     D:5: 989 daAuts
     D:4: 906 daAuts
     D:2: 897 daAuts
     D:1: 825 daAuts
     D:3: 807 daAuts
  Temple: 185 daAuts
